[Event "12th WLC Weekend 2022"]
[Site "Eindhoven"]
[Date "2022.05.14"]
[Round "3.24"]
[White "Krueger, Andre"]
[Black "Dekker, Marvin"]
[Result "0-1"]
[ECO "A43"]
[WhiteElo "1970"]
[BlackElo "2014"]
[Annotator "TA"]
[PlyCount "98"]
[EventDate "2022.05.13"]
[EventType "swiss"]
[EventCountry "NED"]
[SourceTitle "playchess.com"]
[Source "ChessBase"]
[SourceQuality "1"]
[TimeControl "5400+30"]

1. d4 Nf6 2. Nf3 c5 3. d5 e6 4. Nc3 b5 5. dxe6 fxe6 6. Bg5 {[%emt 0:07:50] A43: Schmid Benoni.} (6. Nxb5 $14 {might be stronger.} Qa5+ 7. Nc3) 6... Be7 $11 {[%emt 0:09:44] [#]} 7. e3 $146 (7. Nxb5 $11 Qa5+ 8. Nc3) ({Predecessor:} 7. e4 b4 8. Nb5 Nxe4 9. Bxe7 Kxe7 10. a3 Qb6 11. axb4 cxb4 12. Qd4 Qxd4 13. Nfxd4 a6 14. Nb3 Bb7 15. Nc7 Ra7 16. Nb5 Ra8 17. Nc7 {½-½ (17) Myzyk,J (2105)-Budrewicz,K (2374) Chojnice 2009}) 7... a6 $1 $15 8. Be2 {[%emt 0:00:24] Black has an edge.} O-O 9. O-O d5 10. a4 b4 11. Nb1 Nbd7 12. c4 Bb7 (12... bxc3 $5 13. Nxc3 Bd6 $15) 13. Nbd2 Qc7 (13... Ne4 $5 14. Bxe7 Qxe7 $11) 14. Qc2 Bd6 15. Bh4 Ne4 (15... d4 $5 16. h3 dxe3 17. fxe3 Bg3 18. Bxg3 Qxg3 $15) 16. Nxe4 dxe4 17. Ng5 Bxh2+ 18. Kh1 Qe5 (18... Rae8 $11) 19. f4 $2 {[%emt 0:17:09] [#]} (19. Bg4 $1 $16 {[%cal Rg4e6] stays on course.} Nf6 20. Bxe6+ Kh8 21. Rae1 (21. Nf7+ Rxf7 22. Bxf7 g5 $11)) 19... Bxf4 $1 $17 20. exf4 (20. Rxf4 Rxf4) 20... Rxf4 21. g3 {[%emt 0:06:55] [#]} (21. Rxf4 $17 {was forced.} Qxf4 22. g3) 21... Rxh4+ $1 $19 22. gxh4 Qg3 {[%emt 0:01:07] Inhibits Bg4. Dancing on a razor blade.} 23. Bg4 $2 (23. Bd1 Qxh4+ 24. Qh2 Qxg5 25. Qg2 Qh4+ 26. Qh2) 23... Qxg4 24. Qg2 Qxh4+ 25. Kg1 Ne5 26. Nxe6 Qe7 27. Ng5 Nf3+ 28. Nxf3 exf3 29. Qg4 Rf8 {[%emt 0:01:12] aiming for ...Rf6.} 30. Rf2 Bc8 31. Qg3 Rf6 32. Qb8 Rf8 (32... Qd7 $142 33. Qh2 Rg6+ 34. Kh1 Rh6 35. Qxh6 gxh6) 33. Qg3 Rf5 {[%emt 0:03:43] ...Rg5 is the strong threat.} 34. Qb8 (34. Kf1 $142 Rh5 35. Rh2 Rxh2 36. Qxh2) 34... Qg5+ 35. Kf1 Rf8 36. Qh2 Qg4 (36... b3 $142 {( -> ...Be6)} 37. Re1 Bf5) 37. b3 Qd4 38. Re1 Qd3+ 39. Kg1 Qxb3 40. Qd6 (40. Qh4 $142) 40... Qxc4 {[%emt 0:02:22] Strongly threatening ...Qg4+.} 41. Qxf8+ Kxf8 42. Rxf3+ {[%emt 0:00:04] [#]} Qf7 $3 43. Rxf7+ Kxf7 {[%emt 0:00:05][%mdl 4096] Endgame KR-KB} 44. Rc1 b3 {[%emt 0:02:19] Hoping for ...Bf5.} 45. Rxc5 {[%emt 0:00:01] [#]} Bd7 $1 46. Rc7 Ke6 47. a5 Bb5 (47... b2 $142 48. Rb7 Bb5 49. Kh2 b1=Q 50. Rc7 Qb2+ 51. Kg1 g5 52. Rc8 g4 53. Rb8 g3 54. Rb6+ Kf5 55. Rxb5+ axb5 56. a6 Qh2+ 57. Kf1 Qf2#) 48. Rc1 Kd5 (48... Bd3 $142 49. Rc6+ Ke5 50. Kf2 b2 51. Ke3 b1=Q 52. Rc5+ Kd6 53. Rc8 Bf5 54. Rd8+ Kc7 55. Rh8 Qe1+ 56. Kf3 g5 57. Rxh7+ Bxh7 58. Kg4 Kd6 59. Kh3 Be4 60. Kh2 Qh1+ 61. Kg3 Qh4#) 49. Kf2 Bd3 {[%emt 0:00:33] Weighted Error Value: White=1.35/Black=0.75} 0-1

[Event "12th WLC Weekend 2022"]
[Site "Eindhoven"]
[Date "2022.05.14"]
[Round "3.25"]
[White "Wuijts, Johan"]
[Black "Van Jaarsveld, Henk"]
[Result "1-0"]
[ECO "B23"]
[WhiteElo "1964"]
[BlackElo "1832"]
[Annotator "TA"]
[PlyCount "123"]
[EventDate "2022.05.13"]
[EventType "swiss"]
[EventCountry "NED"]
[SourceTitle "playchess.com"]
[Source "ChessBase"]
[SourceQuality "1"]
[TimeControl "5400+30"]

1. e4 c5 2. Nc3 Nc6 3. f4 g6 4. Nf3 Bg7 5. Bb5 Nd4 6. O-O Nxb5 7. Nxb5 d5 8. d3 d4 {[%emt 0:03:43] B23: Closed Sicilian: Lines without g3.} (8... a6 $11 9. Nc3 Bxc3 10. bxc3 dxe4 11. dxe4 Qxd1 12. Rxd1 Nf6) 9. a4 $14 {[%emt 0:04:34] [#]} Bg4 $146 ({Predecessor:} 9... Bd7 10. f5 a6 11. Na3 Bxa4 12. e5 Bc6 13. Nc4 b5 14. e6 bxc4 15. exf7+ Kxf7 16. Ng5+ {0-1 (39) Shilin,D (2375)-Fuks,S (2236) Alushta 1999}) 10. h3 Bxf3 ({Better is} 10... Bd7 $1 $14) 11. Qxf3 $16 ({Much worse is} 11. Rxf3 $6 Qd7 $11) 11... Nh6 12. f5 {[%emt 0:05:17] And now fxg6 would win.} O-O 13. Bd2 a6 14. Na3 {[%emt 0:00:14] 0x0.002158299220dp-1022s more active pieces.} Kh8 15. a5 Ng8 16. Nc4 Rc8 17. e5 Rc6 (17... Qc7 $142 18. Rae1 Qc6) 18. g4 $1 $18 gxf5 (18... f6 {is a better defense.} 19. e6 Nh6) 19. gxf5 Bh6 20. Bxh6 Nxh6 (20... Rxh6 $142 21. Kh2 (21. Qxb7 Rxh3 22. Qg2 Rh5 $11) 21... e6) 21. Kh1 e6 {[%emt 0:02:45] [#]} 22. f6 ({Not} 22. fxe6 Rxe6 23. Qf4 (23. Qxb7 Rg6 $14) 23... Qd5+ 24. Qf3 Qd8 $16) 22... Nf5 {[%emt 0:01:40] [#]} 23. Rg1 (23. Qf4 $1 $18 {and the rest is easy.}) 23... Qd5 $16 24. Qe4 Rcc8 $2 (24... Qxe4+ $16 {was worth a try.} 25. dxe4 Ne3 26. Nxe3 dxe3) 25. Nb6 $1 $18 Qxe4+ (25... Qc6 26. Nxc8 Qxc8) 26. dxe4 Ne3 27. Nxc8 Rxc8 {[%emt 0:00:02][%mdl 4096] Endgame KRR-KRN} 28. Rg7 Nxc2 (28... Rf8 $142 29. Rag1 h6) 29. Rag1 d3 30. Rxf7 Rg8 31. Rd1 c4 32. Rd7 h6 33. b3 Ne3 34. Rb1 d2 35. Rxd2 {[%emt 0:00:27] Black must now prevent Re1.} c3 36. Re2 Rg3 37. Kh2 Rf3 38. Rbe1 c2 39. Rc1 Kh7 40. b4 Kg6 41. Rexc2 {[%emt 0:00:37] Rc7 is the strong threat.} Nxc2 42. Rxc2 {[%emt 0:00:05] KR-KR} Kh5 43. Kg2 Rf4 44. Kh2 $2 (44. Rf2 $18 Rxf2+ 45. Kxf2) 44... Kg6 $2 (44... Rf3 $11 45. Rc7 Rd3 46. Rxb7 Kh4) 45. Rc7 {[%emt 0:00:05] Threatens to win with Rg7+. White is clearly winning.} Rxe4 46. Rg7+ Kh5 47. Kg3 Rxe5 48. Rxb7 Re3+ 49. Kg2 {[%emt 0:00:03] White threatens f7 and mate.} Re2+ 50. Kf3 Re1 51. Rb6 (51. f7 $142 Rf1+ 52. Ke2) 51... Rf1+ 52. Kg2 Rxf6 53. Rxa6 Rf4 54. Rb6 e5 55. a6 {[%emt 0:00:04][%cal Ba5a6,Ba6a7][%mdl 32] Intending a7 and mate.} Rf8 56. b5 Kg5 57. Rb7 e4 58. a7 {[%emt 0:00:02] Threatening mate with Rb8.} e3 59. Re7 Rf2+ 60. Kg1 Ra2 61. b6 Kf6 62. Rxe3 {[%emt 0:00:03] Weighted Error Value: White=0.21 (precise) /Black=0.58} 1-0

[Event "12th WLC Weekend 2022"]
[Site "Eindhoven"]
[Date "2022.05.14"]
[Round "3.26"]
[White "Hubers, Daan"]
[Black "Verweij, David"]
[Result "1-0"]
[ECO "A00"]
[WhiteElo "1818"]
[BlackElo "1728"]
[Annotator "NA RC COMBH"]
[PlyCount "51"]
[EventDate "2022.05.13"]
[EventType "swiss"]
[EventCountry "NED"]
[SourceTitle "playchess.com"]
[Source "ChessBase"]
[SourceQuality "1"]
[TimeControl "5400+30"]

1. b4 d5 2. Bb2 Bf5 3. e3 e6 4. c4 Nf6 5. c5 a5 6. a3 b6 7. Qa4+ c6 8. cxb6 Qxb6 9. Bxf6 gxf6 10. Nf3 e5 11. Nc3 Nd7 12. b5 Nc5 13. Qh4 Be7 14. bxc6 Rb8 15. Bb5 Kd8 16. O-O Be6 17. Rab1 Kc7 18. Nxe5 Rhe8 19. Nd7 f5 20. Qf4+ Bd6 21. Nxb6 Bxf4 22. Nbxd5+ Bxd5 23. Nxd5+ Kd6 24. Nxf4 Rg8 25. Rfc1 Rg4 26. Be2 1-0

[Event "12th WLC Weekend 2022"]
[Site "Eindhoven"]
[Date "2022.05.14"]
[Round "3.27"]
[White "Molenaar, Toine"]
[Black "Van Zon, Paul"]
[Result "1/2-1/2"]
[ECO "D23"]
[WhiteElo "1823"]
[BlackElo "2000"]
[Annotator "TA"]
[PlyCount "45"]
[EventDate "2022.05.13"]
[EventType "swiss"]
[EventCountry "NED"]
[SourceTitle "playchess.com"]
[Source "ChessBase"]
[SourceQuality "1"]
[TimeControl "5400+30"]

1. d4 d5 2. c4 c6 3. Nf3 Nf6 4. Qb3 dxc4 5. Qxc4 Nbd7 6. g3 {[%emt 0:03:55] D23: Queen's Gambit Accepted: 3 Nf3 Nf6 sidelines.} Nb6 (6... e5 {with more complications.} 7. dxe5 Nxe5 8. Nxe5 Qa5+) 7. Qc2 Bg4 8. Nbd2 {[%emt 0:00:51] White has an edge.} e6 9. Bg2 Bb4 10. O-O O-O {[%emt 0:01:20] [#]} 11. a3 $146 ({Predecessor:} 11. Rd1 Rc8 12. a3 Be7 13. b4 Ra8 14. Nb3 Bf5 15. Qd2 Ne4 16. Qe1 Nc4 17. Bd2 {1-0 (42) Severina,M (2154)-Khvorostova,A (1951) Albena 2011}) 11... Be7 12. b3 Nbd7 13. Bb2 Rc8 14. b4 a5 15. Qb3 b6 16. Rfc1 Nd5 17. Bc3 ({White should play} 17. e4 $16 N5f6 18. Rc2) 17... c5 18. dxc5 (18. bxa5 $11 bxa5 19. Bb2) 18... bxc5 19. Bb2 cxb4 20. axb4 axb4 ({Better is} 20... Bxb4 $17 21. Rxc8 Qxc8) 21. e3 {[%emt 0:03:39] [#]} (21. Rxc8 $11 Qxc8 22. Nd4) 21... Nc3 (21... Nc5 $1 $17 22. Qc4 Bf5) 22. Bxc3 $11 bxc3 23. Rxc3 {[%emt 0:03:12] Weighted Error Value: White=0.32/Black=0.29 (precise)} 1/2-1/2

[Event "12th WLC Weekend 2022"]
[Site "Eindhoven"]
[Date "2022.05.14"]
[Round "3.28"]
[White "Van Kuijk, Vadim"]
[Black "Bakija, Alan"]
[Result "0-1"]
[ECO "B13"]
[WhiteElo "1898"]
[BlackElo "1868"]
[Annotator "NA RC COMBH"]
[PlyCount "58"]
[EventDate "2022.05.13"]
[EventType "swiss"]
[EventCountry "NED"]
[SourceTitle "playchess.com"]
[Source "ChessBase"]
[SourceQuality "1"]
[TimeControl "5400+30"]

1. e4 c6 2. d4 d5 3. exd5 cxd5 4. Bd3 Nc6 5. c3 Nf6 6. Bf4 Bg4 7. Qb3 Qb6 8. Nd2 e6 9. Ngf3 Bh5 10. O-O Be7 11. Ne5 O-O 12. Bg5 Qc7 13. f4 Ne8 14. Bxe7 Qxe7 15. Rae1 f5 16. Ndf3 Bxf3 17. Rxf3 Nd6 18. Rh3 Ne4 19. Qd1 Nxe5 20. dxe5 Qc5+ 21. Ree3 g6 22. Bxe4 fxe4 23. Qg4 Rf5 24. Rhg3 d4 25. b4 Qc6 26. cxd4 Qc1+ 27. Kf2 Raf8 28. Ke2 Qc4+ 29. Kd2 Rxf4 0-1

[Event "12th WLC Weekend 2022"]
[Site "Eindhoven"]
[Date "2022.05.14"]
[Round "3.29"]
[White "Kurt, Sascha"]
[Black "Blijlevens, Pim"]
[Result "0-1"]
[ECO "C10"]
[WhiteElo "1751"]
[BlackElo "1958"]
[Annotator "TA"]
[PlyCount "134"]
[EventDate "2022.05.13"]
[EventType "swiss"]
[EventCountry "NED"]
[SourceTitle "playchess.com"]
[Source "ChessBase"]
[SourceQuality "1"]
[TimeControl "5400+30"]

1. e4 e6 2. d4 d5 3. Nd2 dxe4 4. Nxe4 Nd7 5. Nf3 Ngf6 6. Nxf6+ Nxf6 7. Bd3 Be7 8. O-O O-O 9. c3 b6 10. Qc2 {[%emt 0:01:02] C10: French with 3 Nc3: Unusual Black 3rd moves and 3...dxe4.} Bb7 11. Ng5 h6 12. Ne4 {[%emt 0:00:38] The position is equal.} Nxe4 13. Bxe4 Bxe4 14. Qxe4 c5 {[%emt 0:01:10] [#]} 15. Be3 $146 ({Predecessor:} 15. Rd1 Qc7 16. dxc5 Qxc5 17. Be3 Qb5 18. b3 Rad8 19. c4 Qa5 20. Qc2 Bf6 21. Rab1 Rxd1+ 22. Rxd1 {½-½ (55) Dixa,O (2087)-Rosa,A (1416) Pokrzywna 2020}) 15... Qc7 16. dxc5 Bxc5 17. Bxc5 Qxc5 18. Rad1 Rfd8 19. Rd3 Rxd3 20. Qxd3 $11 {[%emt 0:00:08][%mdl 4096] Endgame KQR-KQR} Rc8 21. Rd1 g6 22. Qd4 Qxd4 23. Rxd4 {[%emt 0:00:07] KR-KR} Rc7 24. Kf1 Kg7 25. Ke2 Kf6 26. Kd2 e5 27. Rd3 Ke6 28. Kc2 f5 29. Rd8 e4 30. Rh8 h5 31. Rd8 Ke5 (31... Rd7 $5 32. Rh8 Ke5 $11) 32. g3 h4 33. Kd2 Rh7 34. Ke3 hxg3 35. hxg3 Rh1 36. Ra8 Re1+ 37. Kd2 Rb1 38. Rxa7 Rxb2+ 39. Ke3 Rc2 40. Re7+ Kd6 41. Rg7 Kc5 42. Rxg6 Rxc3+ 43. Kd2 Ra3 44. Rg5 Rxa2+ 45. Ke1 b5 46. Rxf5+ Kc4 47. Re5 b4 {[%emt 0:00:34] aiming for ...b3.} 48. Rxe4+ Kd3 49. Re3+ Kc2 {[%emt 0:01:46] And now ...b3 would win.} 50. f4 $2 {[%emt 0:12:24][%mdl 8192] Now White is beyond hope.} (50. Re2+ $11 Kb3 51. f4) 50... b3 {[%emt 0:00:27] Black mates.} 51. Kf2 b2 52. Re1 Kc3 (52... b1=Q 53. Rxb1 Kxb1+ 54. Ke3 $11) 53. Rb1 Ra1 54. Rxb2 Kxb2 {[%emt 0:00:03] KR-KPP} 55. Kf3 Kc3 56. Ke4 Kc4 57. g4 Re1+ 58. Kf5 Kd5 59. g5 Kd6 $1 60. Kf6 Kd7 $1 61. g6 {[%emt 0:04:43] [#]} Ke8 $1 62. Kg7 Rf1 63. Kh7 Rxf4 64. g7 {[%emt 0:00:12] [#]} Rh4+ $1 65. Kg8 Rg4 66. Kh7 Kf7 67. Kh8 Rh4# {[%emt 0:00:42] Weighted Error Value: White=0.16 (very precise) /Black=0.03 (flawless)} 0-1

[Event "12th WLC Weekend 2022"]
[Site "Eindhoven"]
[Date "2022.05.14"]
[Round "4.2"]
[White "Verhoeven, Robin"]
[Black "Roebers, Eline"]
[Result "0-1"]
[ECO "A00"]
[WhiteElo "1946"]
[BlackElo "2369"]
[Annotator "TA"]
[PlyCount "86"]
[EventDate "2022.05.13"]
[EventType "swiss"]
[EventCountry "NED"]
[SourceTitle "playchess.com"]
[Source "ChessBase"]
[SourceQuality "1"]
[TimeControl "5400+30"]

1. b4 f5 2. Bb2 Nf6 3. Nf3 e6 4. a3 Be7 5. c4 O-O 6. g3 {[%emt 0:01:35] A00: Irregular Openings.} d6 7. d4 {[%emt 0:00:54] Prevents e5.} Qe8 8. Bg2 {[%emt 0:00:19] The position is equal.} Ne4 {[%emt 0:04:13] [#]} 9. O-O $146 ({Predecessor:} 9. Nc3 Nd7 10. Nd2 Nxc3 11. Bxc3 e5 12. O-O Bf6 13. e3 g5 14. Re1 Qg6 15. Qc2 {1-0 (27) Ganaus,H (2318)-Winiwarter,F (2175) Koeflach 2006}) 9... Bf6 10. Nfd2 Nxd2 11. Nxd2 e5 12. e3 Nc6 13. b5 Nd8 14. d5 (14. Qb3 $14) 14... g5 15. Nb3 e4 16. Bd4 Qg6 17. f3 exf3 18. Qxf3 Nf7 19. e4 Ne5 20. Qe2 (20. Qc3 $15) 20... f4 $1 $17 21. gxf4 Bg4 22. Qe3 gxf4 23. Rxf4 Nf3+ (23... Bf3 24. Ra2 Bd1 25. Qc3 $15) ({Better is} 23... Rf7 $17 {...Bg5 is the strong threat.} 24. Bxe5 dxe5) 24. Kh1 $11 Nxd4 25. Nxd4 Qg7 26. Rxg4 Qxg4 $17 27. Rg1 Kh8 $1 28. Bh3 Qh5 {[%emt 0:01:17] Threatens to win with ...Be5.} ({Of course not} 28... Bg5 $6 29. Qd3 Qh4 30. Ne6 $15 (30. Nf5 Qf4 $17)) 29. Ne6 Rg8 30. Rf1 Be5 31. Rf5 $1 Qg6 32. Rg5 Qf6 {[%emt 0:01:16] Strongly threatening ...Rxg5.} 33. Rf5 Qe7 (33... Qh4 $5 ) 34. Rh5 {[%emt 0:01:05] Hoping for Bf5.} Qf7 35. Qe2 (35. Rf5 $11 {keeps the balance.} Qg6 36. Rg5) 35... Qg6 $1 36. Rg5 {[%emt 0:02:35] Prevents Qg1+.} Qh6 $40 {[%emt 0:03:00][%mdl 128] Black is up to no good.} (36... Qxg5 $1 $17 37. Nxg5 Rxg5) 37. Rh5 $2 ({White has to play} 37. Qh5 $15 Qxh5 38. Rxh5) 37... Qc1+ $19 ({And not} 37... Qg6 38. Ng5 (38. Rg5 Qh6 $15) 38... Qxg5 39. Rxg5 Rxg5 40. Bf5 $15) 38. Qf1 Qxf1+ (38... Qxa3 $2 39. Rxe5 $1 Raf8 40. Nxf8 $18) 39. Bxf1 {[%emt 0:00:04] [#]} Rg6 $1 {[%emt 0:00:44] White must now prevent ...Rag8.} 40. Ng5 (40. Rg5 {might work better.}) 40... Rf8 41. Bh3 (41. Bg2 $142 Rf2 42. Rxh7+ Kg8 43. Rh5) 41... h6 {[%emt 0:00:46] Black is clearly winning.} 42. Bf5 Rxg5 43. Rxh6+ Kg8 {[%emt 0:00:00] Weighted Error Value: White=0.41/Black=0.13 (very precise)} 0-1

[Event "12th WLC Weekend 2022"]
[Site "Eindhoven"]
[Date "2022.05.14"]
[Round "4.3"]
[White "Elgersma, Onno"]
[Black "Becx, Cesar"]
[Result "1-0"]
[ECO "C55"]
[WhiteElo "2303"]
[BlackElo "2101"]
[Annotator "TA"]
[PlyCount "93"]
[EventDate "2022.05.13"]
[EventType "swiss"]
[EventCountry "NED"]
[SourceTitle "playchess.com"]
[Source "ChessBase"]
[SourceQuality "1"]
[TimeControl "5400+30"]

1. e4 e5 2. Nf3 Nc6 3. Bc4 Nf6 4. d3 Be7 5. O-O O-O 6. a4 d6 7. h3 h6 {[%emt 0:00:59] C55: Two Knights: 4 d3, 4 d4 exd4 5 e5 and Max Lange Attack.} 8. a5 a6 9. Nc3 {[%emt 0:00:05] [#]} Qe8 $146 {[%emt 0:10:22] White has an edge.} ({Predecessor:} 9... Nh7 10. Be3 Ng5 11. Nd2 Kh8 12. f4 exf4 13. Bxf4 f5 14. Nd5 fxe4 15. Nxe7 Qxe7 16. Bxg5 Rxf1+ 17. Qxf1 hxg5 18. Nxe4 {0-1 (42) Abdusattorov,N (2627)-Melkumyan,H (2663) Chess.com INT 2020}) 10. Re1 Be6 11. Nd5 Bd8 12. c3 Nh7 13. d4 Kh8 14. Be3 (14. Bb3 $16) 14... exd4 (14... f5 $11) 15. cxd4 Ne7 16. Qb3 $36 {[%emt 0:06:36][%mdl 2048] White has the initiative. White is much more active.} Bc8 ({Black should try} 16... c6 $14) 17. Bd2 ({White should play} 17. Nxe7 $18 Bxe7 18. e5) 17... Nxd5 $14 18. Bxd5 c6 {[%emt 0:01:56] White stays focused until the end.} (18... Nf6 $1 $14) 19. Bc4 $18 f6 (19... Ng5 $142 20. Nxg5 Bxg5) 20. Nh4 Qh5 21. Qg3 {[%emt 0:00:59] [#] Ng6+ is the strong threat.} Ng5 $2 (21... g5 {might work better.}) 22. f4 Bxh3 23. fxg5 (23. gxh3 Qxh4 24. Qxh4 Nf3+ 25. Kf2 Nxh4 $14) 23... fxg5 24. Nf5 ({Don't take} 24. gxh3 gxh4 25. Qg2 (25. Qxd6 Rf6 $16) 25... Bg5 $18) ({Weaker is} 24. Qxd6 Bf6 $16) 24... Bxf5 25. exf5 g4 26. Qh2 Qxh2+ 27. Kxh2 d5 28. Bd3 Bf6 29. Bc3 h5 30. g3 Kg8 31. Re6 Kf7 32. Rae1 Rfd8 33. Kg2 Rd7 34. Rh1 Rh8 35. Ree1 Rdd8 36. Bb4 Bxd4 $2 (36... Rde8 $16 37. Bc5 Rxe1 38. Rxe1 Re8 39. Rxe8 Kxe8) 37. Re7+ Kg8 38. Rxb7 c5 39. Bc3 Bxc3 40. bxc3 c4 41. Bc2 {[%emt 0:01:04] [#] Black must now prevent Re1.} Rh6 42. Re1 d4 43. cxd4 {[%emt 0:00:04] And now Ree7 would win.} Rhd6 44. Ree7 Rxd4 45. Rxg7+ {[%emt 0:00:40] White mates.} Kh8 46. Rh7+ Kg8 47. f6 {[%emt 0:00:26] Weighted Error Value: White=0.20 (precise) /Black=0.57} 1-0

[Event "12th WLC Weekend 2022"]
[Site "Eindhoven"]
[Date "2022.05.14"]
[Round "4.4"]
[White "Baselmans, Sam"]
[Black "Van Doren, Bas"]
[Result "1-0"]
[ECO "B23"]
[WhiteElo "2175"]
[BlackElo "2102"]
[Annotator "TA"]
[PlyCount "91"]
[EventDate "2022.05.13"]
[EventType "swiss"]
[EventCountry "NED"]
[SourceTitle "playchess.com"]
[Source "ChessBase"]
[SourceQuality "1"]
[TimeControl "5400+30"]

1. e4 c5 2. Nc3 e6 3. g3 a6 4. Bg2 b5 5. d3 Bb7 6. Nge2 {[%emt 0:00:18] B23: Closed Sicilian: Lines without g3.} Nf6 {[%emt 0:04:34] The main line 6...Nf6 scores better than 6...b4.} 7. O-O b4 8. Na4 {[%emt 0:03:06] White is slightly better.} d5 9. e5 Nfd7 10. f4 (10. c4 $5 ) 10... Be7 {[%emt 0:02:16] [#]} 11. c3 $146 ({Predecessor:} 11. c4 bxc3 12. bxc3 Qc7 13. d4 g6 14. g4 h5 15. f5 hxg4 16. fxe6 fxe6 17. Nf4 {1-0 (23) Venkatesh,M (2491)-Harsh,S (1843) Bhopal 2019}) 11... a5 12. Be3 O-O 13. d4 cxd4 14. cxd4 (14. Nxd4 {keeps more tension.} Nc5 15. f5 Nbd7 16. f6) 14... Nb6 15. Nxb6 Qxb6 16. g4 (16. f5 $14 Nd7 17. Qd2) 16... Nd7 $11 17. Qd2 f6 (17... Rfc8 $11 {keeps the balance.}) 18. Rf2 (18. f5 $16) 18... b3 19. a3 Rac8 {[%emt 0:01:17] [#] aiming for ...Rc2.} 20. Nc3 fxe5 21. dxe5 Bc5 22. Bxc5 Nxc5 23. Qd4 {[%emt 0:02:20] Against Ne4} Nd7 24. Rd1 Rc4 25. Qxb6 Nxb6 26. Ne2 Rc2 {[%emt 0:05:07] [#]} (26... g5 $11) 27. Nd4 $1 $16 {[%emt 0:00:25][%csl LRb3,LRc2,LRe6] White leaves nothing to chance now.} Rxf2 28. Kxf2 Rxf4+ 29. Kg3 Rf7 30. Nxe6 {[%emt 0:00:38] Threatens to win with Nd8.} Re7 (30... Nc4 $2 31. Nd8 Ne3 32. Rd3 $18 (32. Nxf7 Nxd1 33. Nd6 Ba8 $17)) 31. Nc5 {[%emt 0:01:15] White is more active.} Bc6 32. Nxb3 Rxe5 33. Nxa5 Bb5 34. b3 Kf7 35. a4 Bd7 36. Rd3 Ke6 (36... Ke7 $142 37. Bf3 h6) 37. Nb7 $18 {[%emt 0:01:32] Strongly threatening a5.} Be8 (37... Bc6 $142) 38. a5 Bb5 (38... Nc8 {might work better.} 39. Rc3 Kd7) 39. Rd4 Nd7 40. h4 Nf6 (40... g5 $142 41. hxg5 Rxg5) 41. a6 Bxa6 42. Nc5+ Kd6 43. Nxa6 Re3+ 44. Kf2 Rxb3 45. g5 Rb2+ 46. Kg1 {[%emt 0:00:51] Weighted Error Value: White=0.14 (very precise) /Black=0.24 (precise)} 1-0

[Event "12th WLC Weekend 2022"]
[Site "Eindhoven"]
[Date "2022.05.14"]
[Round "4.5"]
[White "Faber, Hugo"]
[Black "Baselmans, Luuk"]
[Result "1/2-1/2"]
[ECO "C08"]
[WhiteElo "2076"]
[BlackElo "2233"]
[Annotator "TA"]
[PlyCount "121"]
[EventDate "2022.05.13"]
[EventType "swiss"]
[EventCountry "NED"]
[SourceTitle "playchess.com"]
[Source "ChessBase"]
[SourceQuality "1"]
[TimeControl "5400+30"]

1. e4 e6 2. d4 d5 3. Nd2 a6 4. Ngf3 c5 5. exd5 exd5 6. Be2 Nf6 7. O-O c4 8. c3 {[%emt 0:03:43] C08: French Tarrasch: 3...c5 4 exd5 exd5 sidelines.} Bd6 9. b3 b5 10. a4 {[%emt 0:01:18] Strongly threatening axb5.} Bb7 $1 11. Ba3 O-O 12. Bxd6 Qxd6 {[%emt 0:00:07] [#]} 13. Ne5 $146 ({Predecessor:} 13. Qc2 Nbd7 14. Rfb1 Bc6 15. axb5 axb5 16. Qb2 h6 17. Bf1 Qc7 18. h3 Rfe8 19. g3 {½-½ (33) Kanovsky,D (2298)-Krupa,M (2221) Litomysl 2003}) 13... Nc6 14. Ndf3 Ne4 15. Qc2 f6 16. Ng4 {[%emt 0:03:07] [#]} (16. Nxc6 $11 Qxc6 17. bxc4 dxc4 18. Nh4) 16... Rfe8 (16... b4 $1 $17 17. cxb4 Nxb4) 17. Ne3 g6 (17... Na5 $11) 18. Rfb1 (18. axb5 $14 axb5 19. Rxa8 Bxa8 20. bxc4 bxc4 21. Nd2) 18... Re7 ({Black should try} 18... Na5 $1 $15 19. bxc4 bxc4) 19. axb5 $14 axb5 20. Rxa8+ Bxa8 21. bxc4 bxc4 22. Rb6 (22. Nd2 $14 Nxd2 23. Qxd2) 22... Kg7 $11 ({Resist} 22... Nxd4 23. Rxd6 Nxc2 24. Rd8+ (24. Nxd5 $2 Nxd6 25. Nxe7+ Kf8 $19) 24... Kf7 25. Nxc2 $16 (25. Rxa8 Nxe3 26. fxe3 Nxc3 $16)) 23. Qb2 Qd8 {[%emt 0:03:51][%cal Oe4c3] ...Nxc3! is the strong threat.} 24. Rb5 (24. Ra6 $5 ) 24... Rd7 (24... Nd6 $5 25. Rxd5 Na5 $11) 25. Bd1 Ne7 26. Bc2 Nd6 27. Rb6 Rb7 28. Rxb7 Bxb7 29. Qb4 Qc7 30. h4 Bc8 31. g4 Nf7 32. Kg2 Qd6 33. Qxd6 Nxd6 34. g5 Ndf5 35. Bxf5 Bxf5 {[%emt 0:00:22][%mdl 4096] Endgame KBN-KNN} 36. Kg3 Be4 $2 {[%emt 0:04:09] [#]} (36... h5 $11 {and Black stays safe.}) 37. Nd2 $2 (37. gxf6+ $1 $18 Kxf6 38. Ng5) 37... Bd3 {[%emt 0:00:26] The position is equal.} 38. Kf4 {[%emt 0:00:28] Black must now prevent Ng4.} h5 {[%emt 0:01:12] Inhibits Ng4.} 39. Nf3 Bf5 40. Ne1 Kf7 41. gxf6 Kxf6 42. Nf3 Be6 43. Ne5 Nc8 44. Nc6 Nb6 45. Nb4 Bf7 46. Kg3 Bg8 47. Kf4 Be6 48. Kg3 Na4 49. Nexd5+ Bxd5 50. Nxd5+ {[%emt 0:00:04] KN-KN} Ke6 51. Ne3 Nxc3 52. Nxc4 Ne2+ 53. Kf3 Nxd4+ 54. Kf4 Kf6 55. Nd2 Ne6+ 56. Ke4 Nc5+ 57. Kf4 Nd3+ 58. Ke3 Ne1 59. Kf4 Nd3+ 60. Ke3 Ne5 61. Kf4 {[%emt 0:00:17] Weighted Error Value: White=0.18 (very precise) /Black=0.22 (precise)} 1/2-1/2